 Dungeon Crawl Stone Soup version 0.30.0-5-g1a98f26d00 (webtiles) character file.

Game seed: 13265036119026793534

402 CaptainMV the Stinger (level 6, -5/48 HPs)
             Began as a Draconian Venom Mage on May 12, 2023.
             Was an Initiate of Vehumet.
             Slain by an ogre
             ... wielding a +0 giant club
              (19 damage)
             ... on level 6 of the Dungeon.
             The game lasted 00:23:35 (2075 turns).

CaptainMV the Stinger (Draconian Venom Mage)        Turns: 2075, Time: 00:23:40

Health: -5/48      AC: 10    Str: 10    XL:     6   Next: 55%
Magic:  4/10       EV: 22    Int: 17    God:    Vehumet [......]
Gold:   273        SH:  0    Dex: 12    Spells: 8/11 levels left

rFire   . . .        b - staff of poison
rCold   . . .        (no shield)
rNeg    . . .        (body armour unavailable)
rPois   +            (helmet restricted)
rElec   .            k - +0 cloak
rCorr   .            i - +0 pair of gloves
SInv    .            f - +1 pair of boots
Will    .....        (no amulet)
Stlth   ++           g - +5 ring of evasion
HPRegen 0.28/turn    p - +5 ring of evasion
MPRegen 0.12/turn

%: no passive effects
@: no status effects
A: AC +6, unfitting armour, cold-blooded
a: Renounce Religion


You were on level 6 of the Dungeon.
You worshipped Vehumet.
Vehumet was noncommittal.
You visited 2 branches of the dungeon, and saw 6 of its levels.
You also visited: Sewer.

You collected 273 gold pieces.

Inventory:

Hand Weapons
 a - a +0 triple crossbow
 h - a +1 short sword
 q - a +2 great sword
Armour
 f - a +1 pair of boots (worn)
 i - a +0 pair of gloves (worn)
 k - a +0 cloak (worn)
Magical Staves
 b - a staff of poison (weapon)
Jewellery
 g - a +5 ring of evasion (left hand)
 p - a +5 ring of evasion (right hand)
Wands
 n - a wand of mindburst (13)
Scrolls
 m - a scroll of fear
 o - a scroll of identify
Potions
 c - a potion of magic
 d - a potion of lignification
 j - 3 potions of flight
 l - a potion of haste


   Skills:
 + Level 1.7 Fighting
 + Level 2.1 Staves
 + Level 2.1 Ranged Weapons
 + Level 2.9 Dodging
 + Level 2.3 Stealth
 + Level 3.2 Spellcasting
 + Level 1.9 Transmutations
 + Level 0.7 Air Magic
 + Level 3.9 Poison Magic


You had 8 spell levels left.
You knew the following spells:

 Your Spells              Type           Power      Damage    Failure   Level
a - Sting                 Tmut/Pois      76%        1d6       4%          1
b - Poisonous Vapours     Pois/Air       30%        N/A       10%         2

Your spell library contained the following spells:

 Spells                   Type           Power      Damage    Failure   Level
 Mephitic Cloud           Conj/Pois/Air  12%        N/A       26%         3
 Olgreb's Toxic Radiance  Pois           24%        N/A       32%         4
 Dazzling Flash           Conj/Hex       4%         N/A       45%         3
 Volatile Blastmotes      Fire/Tloc      4%         2d10      45%         3
 Fulminant Prism          Conj/Hex       1%         3d5       86%         4
 Iskenderun's Mystic Bla  Conj/Tloc      2%         2d3       86%         4
 Lee's Rapid Deconstruct  Erth           1%         3d4*      99%         5
 Starburst                Conj/Fire      1%         6d3       100%        6


Dungeon Overview and Level Annotations

Branches:
Dungeon (6/15)             Temple (1/1) D:6           Sewer (visited)

Altars:
Ashenzari
Cheibriados
Dithmenos
Elyvilon
Fedhas
Gozag
Hepliaklqana
Makhleb
Nemelex Xobeh
Okawaru
Sif Muna
Vehumet
Wu Jian
Xom
Yredelemnul
Zin
The Shining One


Innate Abilities, Weirdness & Mutations

Your plain brown scales are hard. (AC +6)
You cannot fit into any form of body armour.
You are cold-blooded and may be slowed by cold attacks.


Message History

The scorpion stings you but does no damage.
You barely miss the scorpion.
The scorpion is lightly wounded.
Something hits you. Something closely misses you. The ogre closely misses you.
The scorpion stings you but does no damage.
You feel better.
You hear some strange, mumbled words.
You are confused.
The scorpion stings you. The ogre completely misses you.
Your magical contamination has completely faded away.
a - a +0 triple crossbow (weapon)
Something hits you but does no damage. Something bites you.
Something draws strength from your injuries!
The scorpion closely misses you.
Non-targeted confused fire: a) +0 triple crossbow
Press: ? - help, Q - select action, (/) - cycle Dir - look around, f - activate Look: a troll
Okay, then.
Non-targeted confused fire: a) +0 triple crossbow
Press: ? - help, Q - select action, (/) - cycle Dir - look around, f - activate Look: a scorpion (lightly wounded)
Okay, then.
b - a staff of poison (weapon)
You closely miss the ogre.
Your tail-slap misses the ogre.
The ogre is severely wounded.
The scorpion stings you but does no damage.
Something closely misses you. Something bites you but does no damage.
The ogre closely misses you. The scorpion stings you.
* * * LOW HITPOINT WARNING * * *
Something hits you but does no damage. Something closely misses you.
You feel better. The ogre completely misses you. The scorpion misses you.
The gnoll sergeant hits you from afar with a +0 spear.
Something closely misses you. x2
You hit something but do no damage. The scorpion barely misses you.
The gnoll sergeant closely misses you. Something hits you but does no damage.
Something bites you.
* * * LOW HITPOINT WARNING * * *
Something draws strength from your injuries!
The ogre hits you with a +0 giant club!!
You die...

######.#####.#.#...#...#
#.# .#..#.#...#. #.#
....#...#.. #.#
#.......... #.#
#.#)..#...#
#.#######[.#.#...#
#...........#g..#..
######..#...sz.....
#.##.#@{T#...#
#..#..#O#...#$
#......#...#..
#.##.........
#.############ #..


You could see a troll, an ogre (very poisoned), a gnoll sergeant, a scorpion and
a wight.

Vanquished Creatures
  A water moccasin (Sewer)
  An ogre (D:6)
  A wight (D:6)
  A hound (D:6)
  Ijyb (D:3)
  An iguana (D:6)
  An orc wizard (D:6)
  An adder (D:2)
  A worm (D:2)
  A dart slug (D:2)
  An orc (D:3)
  5 ball pythons
  4 endoplasms
  4 giant cockroaches
  A hobgoblin (D:2)
  3 quokkas (D:3)
  11 bats
  A frilled lizard (D:1)
  4 goblins
  4 kobolds
  7 rats
55 creatures vanquished.

Notes
Turn   | Place    | Note
-------+----------+-------------------------------------------
     0 | D:1      | CaptainMV the Draconian Venom Mage began the quest for the
                  | Orb.
     0 | D:1      | Reached XP level 1. HP: 14/14 MP: 3/3
   261 | D:1      | Reached XP level 2. HP: 11/20 MP: 0/5
   723 | D:2      | Found a faded altar of an unknown god.
   736 | D:2      | Reached XP level 3. HP: 24/26 MP: 4/6
   884 | D:2      | Found an iron altar of Okawaru.
  1198 | D:3      | Found a glowing drain.
  1236 | Sewer    | Entered a sewer
  1273 | Sewer    | Noticed a water moccasin
  1295 | Sewer    | Killed a water moccasin
  1296 | Sewer    | Reached skill level 1 in Fighting
  1296 | Sewer    | Reached skill level 1 in Staves
  1296 | Sewer    | Reached skill level 1 in Ranged Weapons
  1296 | Sewer    | Reached XP level 4. HP: 27/35 MP: 2/7
  1296 | Sewer    | Reached XP level 5. HP: 31/40 MP: 2/8
  1370 | D:3      | Noticed Ijyb
  1387 | D:3      | Killed Ijyb
  1704 | D:4      | Found a glowing golden altar of the Shining One.
  1722 | D:4      | You fall into a shaft and drop 2 floors!
  1799 | D:6      | Found a staircase to the Ecumenical Temple.
  1799 | D:6      | Noticed an ogre
  1810 | D:6      | Learned a level 2 spell: Poisonous Vapours
  1821 | D:6      | Killed an ogre
  1822 | D:6      | Reached XP level 6. HP: 47/47 MP: 2/10
  1825 | Temple   | Entered the Ecumenical Temple
  1903 | Temple   | Became a worshipper of Vehumet
  2057 | D:6      | Noticed a troll
  2059 | D:6      | Noticed a vampire
  2075 | D:6      | Slain by an ogre

Illustrated notes

Levels and vault maps discovered:
D:1:      lemuel_arrival_broad_hall, layout_loops_cross
D:2:      layout_loops_cross, basic_ecumenical_altar, basic_altar,
          chequers_serial_rivers_marsh, grunt_decor_clamped
D:3:      layout_loops_cross, portal_sewer_entry_f, uniq_ijyb
D:4:      layout_basic, trog_wizard, mainiacjoe_overflow_small_starburst,
          nicolae_qazlal_style_of_elements, serial_shops,
          nicolae_lakefront_shop, dreamdust_wishing_well, uniq_edmund
D:6:      cheibrodos_fzero, layout_basic, mainiacjoe_overflow_tiny_flanked,
          minmay_temple_entry_nine_rooms, serial_shops, shop_coins,
          minivault_23, nicolae_shop_vocational
Temple:   hellmonk_temple_of_storms

Skill      XL: |  1  2  3  4  5  6 |
---------------+-------------------+-----
Dodging        | 2 |  2.9
Stealth        | 2 |  2.3
Fighting       | 1 |  1.7
Staves         | 1 2 |  2.1
Ranged Weapons | 1 2 |  2.1
Spellcasting   | 3 |  3.2
Transmutations | |  1.9
Air Magic      | |  0.7
Poison Magic   | |  3.9

Action                     |  1- 3 |  4- 6 || total
---------------------------+-------+-------++-------
  Melee: Staff             |    91 |    38 ||   129
         Unarmed           |     4 |       ||     4
         Short sword       |     2 |       ||     2
         Tailslap          |    11 |     6 ||    17
         Punch             |     1 |     1 ||     2
   Fire: Triple crossbow   |    16 |    17 ||    33
   Cast: Sting             |    33 |    16 ||    49
         Poisonous Vapours |       |    10 ||    10
    Use: Scroll            |     9 |       ||     9
         Potion            |       |     2 ||     2
   Stab: Sleeping          |     1 |       ||     1
 Armour: Skin              |    23 |    27 ||    50
  Dodge: Dodged            |   118 |    65 ||   183
